 Dungeon Crawl Stone Soup version 0.22-b1-26-g9dbaab1 (webtiles) character file.

366 Doobh the Sneak (level 7, -4/41 HPs)
             Began as a Kobold Assassin on Aug 9, 2018.
             Killed by nerve-wracking pain
             ... invoked by an orc priest
              (13 damage)
             ... on level 4 of the Dungeon.
             The game lasted 00:08:23 (2858 turns).

Doobh the Sneak (Kobold Assassin)                   Turns: 2858, Time: 00:08:23

Health: -4/41      AC:  2    Str:  9    XL:     7   Next: 0%
Magic:  7/7        EV: 16    Int: 12    God:
Gold:   78         SH:  0    Dex: 18    Spells: 6/6 levels left

rFire    . . .     SeeInvis .   t - +2 dagger (venom)
rCold    . . .     Gourm    .   (shield restricted)
rNeg     . . .     Faith    .   c - +0 robe
rPois    .         Spirit   .   (no helmet)
rElec    .         Reflect  .   a - scarf {cloud immunity}
rCorr    .         Harm     .   (no gloves)
MR       .....                  (no boots)
Stlth    ++++......             s - amulet of the acrobat
HPRegen  0.13/turn              (no ring)
MPRegen  0.10/turn              (no ring)

@: no status effects
A: small, carnivore
a: no special abilities


You were on level 4 of the Dungeon.
You were very full.

You visited 1 branch of the dungeon, and saw 4 of its levels.

You collected 78 gold pieces.

Inventory:

Hand Weapons
 b - a +0 blowgun
 n - a +0 hand crossbow
 t - a +2 dagger of venom (weapon)
Missiles
 e - 7 poisoned needles
 f - 2 curare-tipped needles
 r - 15 bolts
 u - 4 needles of confusion
Armour
 a - a scarf of cloud immunity (worn)
 c - a +0 robe (worn)
 d - a +0 cloak
Jewellery
 s - an amulet of the acrobat (around neck)
 w - an uncursed amulet of magic regeneration {unknown}
Scrolls
 h - a scroll of remove curse
 k - 2 scrolls of teleportation {unknown}
 m - a scroll of noise {unknown}
 o - a scroll of amnesia {unknown}
Potions
 l - a potion of invisibility {unknown}
 p - a potion of agility {unknown}
 q - a potion of berserk rage {unknown}
 v - a potion of cancellation {unknown}
Comestibles
 g - 6 rations
 j - a chunk of flesh


   Skills:
 + Level 3.6 Fighting
 * Level 5.8 Short Blades
 + Level 3.5 Throwing
 + Level 3.2 Dodging
 + Level 6.5 Stealth


You had 6 spell levels left.
You didn't know any spells.
Your spell library was empty.

Dungeon Overview and Level Annotations

Branches:
Dungeon (4/15)
 Temple: D:4-7

Altars:
Nemelex Xobeh
Vehumet


Innate Abilities, Weirdness & Mutations

You are small and have problems with some larger weapons.
You are carnivorous and can eat meat at any time.


Message History

You closely miss the orc priest. The orc barely misses you.
The orc priest mumbles some strange prayers to Beogh against you.
Beogh smites you!
You closely miss the orc priest. The orc closely misses you.
The orc priest mumbles some strange prayers to Beogh against you.
Beogh smites you!
* * * LOW HITPOINT WARNING * * *
You feel better. The orc priest barely misses you.
The orc priest completely misses you. The orc closely misses you.
Okay, then.
You feel better. The orc priest completely misses you.
The orc hits you with a whip.
The orc priest calls down the wrath of Beogh upon you.
Beogh smites you!
* * * LOW HITPOINT WARNING * * *
Okay, then.
You feel better.
The orc priest mumbles some strange prayers to Beogh against you.
Pain shoots through your body!
You die...

## .## #.. #.. ..
##o# ..#####oo#
.......@## ###
#........###...#
#...###......# #..
#... #....###
#...# #..# ##.###
.....##..# ##.##
#.....#..####...#
#..............##
#................#


You could see 2 orc priests and an orc.

Vanquished Creatures
  2 ogres
  Jessica (D:3)
  3 gnolls (D:2)
  6 adders
  A worm (D:2)
  4 dart slugs
  4 leopard geckos
  An orc (D:4)
  5 giant cockroaches
  11 hobgoblins
  3 jackals (D:3)
  A quokka (D:3)
  2 ball pythons (D:1)
  5 bats
  5 frilled lizards
  12 goblins
  8 kobolds
  7 rats
81 creatures vanquished.

Notes
Turn   | Place    | Note
-------+----------+-------------------------------------------
     0 | D:1      | Doobh the Kobold Assassin began the quest for the Orb.
     0 | D:1      | Reached XP level 1. HP: 12/12 MP: 1/1
   162 | D:1      | Reached XP level 2. HP: 16/17 MP: 2/2
   414 | D:1      | Reached XP level 3. HP: 22/22 MP: 3/3
   814 | D:2      | Reached XP level 4. HP: 17/27 MP: 4/4
  1457 | D:2      | Reached XP level 5. HP: 32/32 MP: 5/5
  1514 | D:2      | Noticed an ogre
  1567 | D:2      | Killed an ogre
  1567 | D:2      | Reached skill level 6 in Stealth
  1567 | D:2      | Reached XP level 6. HP: 12/37 MP: 6/6
  1881 | D:2      | Reached skill level 5 in Short Blades
  1921 | D:2      | Found a radiant altar of Vehumet.
  2279 | D:3      | Noticed an ogre
  2310 | D:3      | Killed an ogre
  2475 | D:3      | Noticed Jessica
  2478 | D:3      | Killed Jessica
  2756 | D:3      | Reached XP level 7. HP: 41/41 MP: 7/7
  2804 | D:4      | Found a sparkling altar of Nemelex Xobeh.
  2855 | D:4      | HP: 2/41 [orc priest/divine providence (14)]
  2858 | D:4      | Killed from afar by an orc priest

Skill      XL: |  1  2  3  4  5  6 |
---------------+-------------------+-----
Short Blades   | 3 4 5 |  5.8
Dodging        | 2 3 |  3.2
Fighting       | 3 |  3.6
Throwing       | 3 |  3.5
Stealth        | 6 |  6.5

Action                   |  1- 3 |  4- 6 |  7- 9 || total
-------------------------+-------+-------+-------++-------
Melee: Dagger            |    84 |   121 |     9 ||   214
 Fire: Blowgun           |     6 |    32 |       ||    38
  Use: Scroll            |     2 |     2 |       ||     4
       Potion            |       |       |     3 ||     3
 Stab: Sleeping          |     8 |    13 |       ||    21
  Eat: Chunk             |     8 |     6 |       ||    14
Armor: Robe              |    11 |    11 |       ||    22
Dodge: Dodged            |    43 |    79 |     9 ||   131
